 Dungeon Crawl Stone Soup version 0.17-a0-1718-g72dbe4d (webtiles) character file.

85 KambridgeKobold the Charmwright (level 4, 0/35 HPs)
             Began as a Merfolk Skald on Aug 26, 2015.
             Was an Initiate of Okawaru.
             Slain by a gnoll
             ... wielding a +0 club
              (4 damage)
             ... on level 3 of the Dungeon.
             The game lasted 00:09:09 (2805 turns).

KambridgeKobold the Charmwright (Merfolk Skald)     Turns: 2805, Time: 00:09:09

Health: 0/35       AC:  3    Str: 12    XL:     4   Next: 48%
Magic:  4/7        EV: 11    Int: 12    God:    Okawaru [......]
Gold:   116        SH:  0    Dex: 13    Spells: 2 memorised, 4 levels left

rFire  . . .     SeeInvis .     a - +0 spear
rCold  + . .     Clarity  .     b - +0 leather armour
rNeg   . . .     SustAt   .     (no shield)
rPois  .         Gourm    .     (no helmet)
rElec  .         Spirit   .     (no cloak)
rCorr  .         Warding  .     (no gloves)
rMut   .         Stasis   .     (no boots)
MR     .....                    (no amulet)
Stlth  +.........               (no ring)
                                h - ring of protection from cold

@: infused, not resistant to hostile enchantments, very unstealthy
A: change form in water, swift swim
a: Renounce Religion


You were on level 3 of the Dungeon.
You worshipped Okawaru.
Okawaru was noncommittal.
You were very hungry.

You visited 1 branch of the dungeon, and saw 3 of its levels.

You collected 116 gold pieces.

Inventory:

Hand weapons
 a - a +0 spear (weapon)
 l - a +0 dagger
Missiles
 m - 85 stones (quivered)
Armour
 b - a +0 leather armour (worn)
Jewellery
 h - a ring of protection from cold (left hand)
 o - a cursed amulet of inaccuracy {unknown}
Scrolls
 e - 5 scrolls of remove curse {unknown}
 f - a scroll of recharging {unknown}
 k - a scroll of random uselessness {unknown}
 n - a scroll of teleportation {unknown}
 q - a scroll of magic mapping {unknown}
 r - a scroll of immolation {unknown}
 u - a scroll of amnesia {unknown}
Potions
 g - a potion of curing {unknown}
 j - a potion of ambrosia {unknown}
 p - a potion of haste {unknown}
 s - a potion of heal wounds {unknown}
Books
 c - a book of Battle

   Spells                             Type                      Level
   a - Infusion                       Charms                       1
   b - Shroud of Golubria             Charms/Translocation         2
   c - Song of Slaying                Charms                       2
   d - Spectral Weapon                Hexes/Charms                 3
   e - Regeneration                   Charms/Necromancy            3
Comestibles
 d - a bread ration
 i - a beef jerky


   Skills:
 - Level 3.1 Fighting
 + Level 3.8 Polearms
 - Level 0.6 Armour
 - Level 1.3 Dodging
 - Level 1.0 Stealth
 - Level 2.0 Spellcasting
 - Level 4.0 Charms
 * Level 1.4 Translocations


You had 4 spell levels left.
You knew the following spells:

 Your Spells              Type           Power        Failure   Level  Hunger
a - Infusion              Chrm           ##....       8%          1    ##.....
b - Shroud of Golubria    Chrm/Tloc      #.........   21%         2    ###....


Dungeon Overview and Level Annotations

Branches:
Dungeon (3/15)

Altars:
Okawaru
Ru


Message History

You closely miss the gnoll.
The gnoll is moderately wounded.
The gnoll hits you but does no damage.
You hit the gnoll but do no damage.
The gnoll is moderately wounded.
The gnoll barely misses you.
Casting: Shroud of Golubria
Confirm with . or Enter, or press ? or * to list all spells.
You begin infusing your attacks with magical energy.
The gnoll hits you but does no damage.
You closely miss the gnoll.
The gnoll is moderately wounded.
You hit the gnoll.
The gnoll is heavily wounded.
The gnoll hits you with a club!
* * * LOW HITPOINT WARNING * * *
You hit the gnoll.
The gnoll is severely wounded.
The gnoll hits you with a club.
You die...

.. #####...# #.##
#.##........# #.##
...........# #.#
.....#..#.# #.#
#.#?#..#.# #.#
......#.# #.##
####.##.#.###...
####.....!..%.....)
#.@g.....[...####.#
#.##.......### #.#
#. #.......# #g# #.
#.......# #.# ..
#.......# #.# ##
#.......# #.#
####.#### #.# .#


You could see a gnoll.

Vanquished Creatures
  An adder (D:2)
  3 gnolls
  A worm (D:2)
  A giant gecko (D:2)
  3 giant cockroaches
  4 goblins
  7 hobgoblins
  A ball python (D:2)
  4 bats
  2 giant newts
  9 kobolds
  3 quokkas
  3 rats
42 creatures vanquished.

Notes
Turn   | Place    | Note
--------------------------------------------------------------
     0 | D:1      | KambridgeKobold the Merfolk Skald began the quest for the Orb.
     0 | D:1      | Reached XP level 1. HP: 16/16 MP: 3/3
   192 | D:1      | Reached skill level 1 in Stealth
   202 | D:1      | Reached XP level 2. HP: 13/23 MP: 0/5
   767 | D:2      | Learned a level 2 spell: Shroud of Golubria
  1002 | D:2      | Found an iron altar of Okawaru.
  1147 | D:2      | Became a worshipper of Warmaster Okawaru
  1162 | D:2      | Reached XP level 3. HP: 25/28 MP: 6/6
  1212 | D:2      | Reached skill level 4 in Charms
  2027 | D:3      | Found a sacrificial altar of Ru.
  2215 | D:3      | Reached skill level 1 in Translocations
  2215 | D:3      | Reached XP level 4. HP: 25/35 MP: 7/7
  2805 | D:3      | Slain by a gnoll

Vault maps used:
D:1:      eino_arrival_water_cross
D:2:      lemuel_round_altar
D:3:      overflow_temple_1_default, first_bread

Action                   |  1- 3 |  4- 6 || total
-------------------------+-------+-------++-------
Melee: Spear             |   155 |    33 ||   188
 Cast: Infusion          |     1 |     1 ||     2
       Shroud of Golubri |       |     4 ||     4
 Stab: Sleeping          |     2 |       ||     2
  Eat: Chunk             |     4 |     1 ||     5
